IL
LOUISVILLE BATS @ LEHIGH VALLEY IRONPIGS
08/09/2048
 
TOP OF THE 1ST
Louisville Bats batting - Pitching for Lehigh Valley IronPigs : RHP Jeff Dailey
Pitching: RHP Jeff Dailey
Batting: RHB Ryan Short 0-0: Ball
1-0: Called Strike
1-1: Foul Ball, location: 2F
1-2: Ball
2-2: Foul Ball, location: 2F
2-2: Ground out 6-3 (Groundball, 6, EV 88.1 MPH)
Batting: SHB Freddie Farrar 0-0: Fly out, F5 (Popup, 56S, EV 85.0 MPH)
Batting: RHB Bruno André 0-0: Ball
1-0: Foul Ball, location: 2F
1-1: DOUBLE (Flyball, 78XD, EV 95.6 MPH)
Batting: RHB Juan Reyes 0-0: Ball
1-0: Ball
2-0: Called Strike
2-1: Foul Ball, location: 2F
2-2: Ball
3-2: SINGLE (Line Drive, 7S, EV 96.9 MPH)
Bruno André to third
Runner from 3rd tries for Home, SAFE, throw by LF to home
Batting: RHB Jonathan Robies 0-0: Called Strike
0-1: Ball
1-1: Ground out 6-3 (Groundball, 6S, EV 81.9 MPH)
Top of the 1st over - 1 run, 2 hits, 0 errors, 1 left on base; Louisville 1 - Lehigh Valley 0
BOTTOM OF THE 1ST
Lehigh Valley IronPigs batting - Pitching for Louisville Bats : RHP Matt Moffat
Pitching: RHP Matt Moffat
Batting: LHB Theodore Conboy 0-0: Ground out 4-3 (Groundball, 4M, EV 82.5 MPH)
Batting: RHB Mark Schultz 0-0: Ball
1-0: Ball
2-0: Foul Ball, location: 2F
2-1: Ball
3-1: Base on Balls
Batting: RHB Carlos Morejon 0-0: Ball
1-0: SINGLE (Groundball, 4MD, EV 98.8 MPH)
Mark Schultz to second
Runner from 2nd tries for 3rd, SAFE, throw by CF made to third
Batting: LHB Josh George 0-0: Ball
1-0: SINGLE (Flyball, 8LS, EV 94.4 MPH)
Mark Schultz scores
Carlos Morejon to second
Batting: RHB Victor Arroyo 0-0: Called Strike
0-1: Ball
1-1: Ball
2-1: Foul Ball, location: 2F
2-2: Foul Ball, location: 2F
2-2: Ball
3-2: Base on Balls
Carlos Morejon to third
Josh George to second
Batting: SHB Marco de Leon 0-0: Ball
1-0: Ball
2-0: Called Strike
2-1: Foul Ball, location: 2F
2-2: Strikes out swinging
Batting: RHB Moritake Fukumoto 0-0: Fly out, F8 (Flyball, 78D, EV 101.2 MPH)
Bottom of the 1st over - 1 run, 2 hits, 0 errors, 3 left on base; Louisville 1 - Lehigh Valley 1
TOP OF THE 2ND
Louisville Bats batting - Pitching for Lehigh Valley IronPigs : RHP Jeff Dailey
Batting: RHB Pedro Pinero 0-0: Called Strike
0-1: Called Strike
0-2: Strikes out swinging
Batting: SHB Paul Sandoval 0-0: Called Strike
0-1: Ball
1-1: Ball
2-1: Ball
3-1: Swinging Strike
3-2: Foul Ball, location: 2F
3-2: Strikes out looking
Batting: LHB Satoru Handa 0-0: Called Strike
0-1: SINGLE (Groundball, 34D, EV 103.8 MPH)
Batting: RHB Jay Jacobson 0-0: Swinging Strike
0-1: Foul Ball, location: 2F
0-2: Ball
1-2: Ball
2-2: Foul Ball, location: 2F
2-2: Foul Ball, location: 2F
2-2: Strikes out swinging, 2-3 out at first.
Top of the 2nd over - 0 runs, 1 hit, 0 errors, 1 left on base; Louisville 1 - Lehigh Valley 1
BOTTOM OF THE 2ND
Lehigh Valley IronPigs batting - Pitching for Louisville Bats : RHP Matt Moffat
Batting: SHB Benjamin Brown 0-0: Fly out, F7 (Line Drive, 78S, EV 99.4 MPH)
Batting: RHB Kyle Reilly 0-0: Ball
1-0: Fly out, F7 (Flyball, 7LM, EV 87.5 MPH)
Batting: LHB Theodore Conboy 0-0: Ball
1-0: Foul Ball, location: 2F
1-1: Fly out, F9 (Line Drive, 89M, EV 90.6 MPH)
Bottom of the 2nd over - 0 runs, 0 hits, 0 errors, 0 left on base; Louisville 1 - Lehigh Valley 1
TOP OF THE 3RD
Louisville Bats batting - Pitching for Lehigh Valley IronPigs : RHP Jeff Dailey
Batting: RHB Ryan Short 0-0: SINGLE (Line Drive, 89S, EV 101.2 MPH)
Batting: SHB Freddie Farrar 0-0: Ball
1-0: Fielders Choice at 2nd, 6-4 (Groundball, 6S, EV 80.6 MPH)
Batting: RHB Bruno André 0-0: Ball
1-0: Swinging Strike
1-1: Fly out, F7 (Flyball, 7, EV 83.8 MPH)
Batting: RHB Juan Reyes 0-0: Ball
1-0: Ball
Freddie Farrar is caught stealing 2nd base 2-4
Top of the 3rd over - 0 runs, 1 hit, 0 errors, 0 left on base; Louisville 1 - Lehigh Valley 1
BOTTOM OF THE 3RD
Lehigh Valley IronPigs batting - Pitching for Louisville Bats : RHP Matt Moffat
Batting: RHB Mark Schultz 0-0: Ball
1-0: Ball
2-0: Foul Ball, location: 2F
2-1: Ground out 4-3 (Groundball, 4, EV 81.2 MPH)
Batting: RHB Carlos Morejon 0-0: Called Strike
0-1: Foul Ball, location: 2F
0-2: SOLO HOME RUN (Flyball, 7LD, EV 96.9 MPH), Distance : 351 ft
Batting: LHB Josh George 0-0: Swinging Strike
0-1: Called Strike
0-2: Ball
1-2: Strikes out swinging
Batting: RHB Victor Arroyo 0-0: Ball
1-0: Foul Ball, location: 2F
1-1: Ball
2-1: Foul Ball, location: 2F
2-2: Ball
3-2: Base on Balls
Batting: SHB Marco de Leon 0-0: Foul Ball, location: 2F
0-1: Ball
1-1: Called Strike
1-2: Ball
2-2: Strikes out swinging
Bottom of the 3rd over - 1 run, 1 hit, 0 errors, 1 left on base; Louisville 1 - Lehigh Valley 2
TOP OF THE 4TH
Louisville Bats batting - Pitching for Lehigh Valley IronPigs : RHP Jeff Dailey
Batting: RHB Juan Reyes 0-0: SINGLE (Flyball, 9LS, EV 96.2 MPH)
Batting: RHB Jonathan Robies 0-0: Called Strike
Juan Reyes steals 2nd base
0-1: Ball
1-1: Called Strike
1-2: Fly out, F6 (Popup, P, EV 75.0 MPH)
Batting: RHB Pedro Pinero 0-0: DOUBLE (Groundball, 3L, EV 95.0 MPH)
Juan Reyes scores
Pinch Runner at 2nd Colin Lord:
Batting: SHB Paul Sandoval 0-0: Ball
1-0: Ball
2-0: Ball
3-0: Called Strike
3-1: Base on Balls
Batting: LHB Satoru Handa 0-0: Hit by Pitch
Colin Lord to third
Paul Sandoval to second
Batting: RHB Jay Jacobson 0-0: Called Strike
0-1: Fielders Choice at 2nd, 6-4 (Groundball, 6, EV 86.2 MPH)
Colin Lord scores
Paul Sandoval to third
Batting: RHB Ryan Short 0-0: Ball
1-0: Ball
2-0: Called Strike
2-1: Foul Ball, location: 2F
2-2: Ball
3-2: Fly out, F3 (Popup, 3S, EV 89.4 MPH)
Top of the 4th over - 2 runs, 2 hits, 0 errors, 2 left on base; Louisville 3 - Lehigh Valley 2
BOTTOM OF THE 4TH
Lehigh Valley IronPigs batting - Pitching for Louisville Bats : RHP Matt Moffat
Now at 2B: Colin Lord
Batting: RHB Moritake Fukumoto 0-0: Called Strike
0-1: Foul Ball, location: 2F
0-2: Ball
1-2: Ball
2-2: Fly out, F8 (Flyball, 8RM, EV 89.4 MPH)
Batting: SHB Benjamin Brown 0-0: Ball
1-0: Foul Ball, location: 2F
1-1: Foul Ball, location: 2F
1-2: Strikes out swinging
Batting: RHB Kyle Reilly 0-0: Called Strike
0-1: Foul Ball, location: 2F
0-2: Strikes out looking
Bottom of the 4th over - 0 runs, 0 hits, 0 errors, 0 left on base; Louisville 3 - Lehigh Valley 2
TOP OF THE 5TH
Louisville Bats batting - Pitching for Lehigh Valley IronPigs : RHP Jeff Dailey
Batting: SHB Freddie Farrar 0-0: Ball
1-0: Ground out 6-3 (Groundball, 6, EV 103.1 MPH)
Batting: RHB Bruno André 0-0: Ball
1-0: Called Strike
1-1: Swinging Strike
1-2: Ball
2-2: Ground out 4-3 (Groundball, 4, EV 81.2 MPH)
Batting: RHB Juan Reyes 0-0: Swinging Strike
0-1: Foul Ball, location: 2F
0-2: Ball
1-2: Strikes out looking
Top of the 5th over - 0 runs, 0 hits, 0 errors, 0 left on base; Louisville 3 - Lehigh Valley 2
BOTTOM OF THE 5TH
Lehigh Valley IronPigs batting - Pitching for Louisville Bats : RHP Matt Moffat
Batting: LHB Theodore Conboy 0-0: Ground out 4-3 (Groundball, 4, EV 84.4 MPH)
Batting: RHB Mark Schultz 0-0: Ball
1-0: Called Strike
1-1: Ground out U3 (Groundball, 3S, EV 73.8 MPH)
Batting: RHB Carlos Morejon 0-0: Ball
1-0: Called Strike
1-1: Called Strike
1-2: SINGLE (Groundball, 56D, EV 108.1 MPH)
Batting: LHB Josh George 0-0: Foul Ball, location: 2F
0-1: DOUBLE (Line Drive, 8LXD, EV 96.9 MPH)
Carlos Morejon to third
Batting: RHB Victor Arroyo 0-0: Called Strike
0-1: Ball
1-1: Foul Ball, location: 2F
1-2: Foul Ball, location: 2F
1-2: Foul Ball, location: 2F
1-2: Ball
2-2: Ball
3-2: Foul Ball, location: 2F
3-2: DOUBLE (Flyball, 89XD, EV 106.2 MPH)
Carlos Morejon scores
Josh George scores
Batting: SHB Marco de Leon 0-0: Called Strike
0-1: Foul Ball, location: 2F
0-2: Ball
1-2: Ball
2-2: Ball
3-2: Foul Ball, location: 2F
3-2: Ground out 6-3 (Groundball, 6, EV 83.1 MPH)
Bottom of the 5th over - 2 runs, 3 hits, 0 errors, 1 left on base; Louisville 3 - Lehigh Valley 4
TOP OF THE 6TH
Louisville Bats batting - Pitching for Lehigh Valley IronPigs : RHP Jeff Dailey
Batting: RHB Jonathan Robies 0-0: Ball
1-0: Swinging Strike
1-1: Ball
2-1: Ball
3-1: Foul Ball, location: 2F
3-2: Foul Ball, location: 2F
3-2: Base on Balls
Batting: RHB Colin Lord 0-0: Called Strike
0-1: Grounds into double play, 4-6-3 (Groundball, 4, EV 100.0 MPH)
Batting: SHB Paul Sandoval 0-0: Foul Ball, location: 2F
0-1: Bunt missed!
0-2: Ball
1-2: Strikes out swinging
Top of the 6th over - 0 runs, 0 hits, 0 errors, 0 left on base; Louisville 3 - Lehigh Valley 4
BOTTOM OF THE 6TH
Lehigh Valley IronPigs batting - Pitching for Louisville Bats : RHP Matt Moffat
Batting: RHB Moritake Fukumoto 0-0: Ball
1-0: Ball
2-0: SINGLE (Groundball, 56D, EV 108.1 MPH)
Batting: SHB Benjamin Brown 0-0: Called Strike
0-1: Foul Ball, location: 2F
0-2: Foul Ball, location: 2F
0-2: Ball
1-2: Strikes out swinging
Pitching: RHP Chris Galo
Batting: RHB Kyle Reilly 0-0: Foul Ball, location: 2F
0-1: Grounds into double play, 6-4-3 (Groundball, 6, EV 85.0 MPH)
Bottom of the 6th over - 0 runs, 1 hit, 0 errors, 0 left on base; Louisville 3 - Lehigh Valley 4
TOP OF THE 7TH
Louisville Bats batting - Pitching for Lehigh Valley IronPigs : RHP Jeff Dailey
Batting: LHB Satoru Handa 0-0: Called Strike
0-1: DOUBLE (Line Drive, 9LM, EV 101.9 MPH)
Batting: RHB Jay Jacobson 0-0: Called Strike
0-1: Called Strike
0-2: Ball
1-2: Foul Ball, location: 2F
1-2: Fly out, F6 (Line Drive, 6, EV 68.1 MPH)
Batting: RHB Ryan Short 0-0: Called Strike
0-1: Called Strike
0-2: Ball
1-2: Ball
2-2: Foul Ball, location: 2F
2-2: Strikes out swinging
Pitching: RHP Dustin Greaves
Batting: SHB Freddie Farrar 0-0: Swinging Strike
0-1: Ball
1-1: Fly out, F5 (Line Drive, 5, EV 65.6 MPH)
Top of the 7th over - 0 runs, 1 hit, 0 errors, 1 left on base; Louisville 3 - Lehigh Valley 4
BOTTOM OF THE 7TH
Lehigh Valley IronPigs batting - Pitching for Louisville Bats : RHP Chris Galo
Batting: LHB Theodore Conboy 0-0: Called Strike
0-1: Ball
1-1: Foul Ball, location: 2F
1-2: Ball
2-2: Foul Ball, location: 2F
2-2: Strikes out swinging
Batting: RHB Mark Schultz 0-0: Called Strike
0-1: Swinging Strike
0-2: Foul Ball, location: 2F
0-2: Strikes out swinging
Batting: RHB Carlos Morejon 0-0: Fly out, F9 (Flyball, 9S, EV 90.0 MPH)
Bottom of the 7th over - 0 runs, 0 hits, 0 errors, 0 left on base; Louisville 3 - Lehigh Valley 4
TOP OF THE 8TH
Louisville Bats batting - Pitching for Lehigh Valley IronPigs : RHP Dustin Greaves
Batting: RHB Bruno André 0-0: Foul Ball, location: 2F
0-1: Foul Ball, location: 2F
0-2: Ball
1-2: Ball
2-2: Fly out, F9 (Flyball, 9LM, EV 84.4 MPH)
Batting: RHB Juan Reyes 0-0: Ball
1-0: Called Strike
1-1: Foul Ball, location: 2F
1-2: Foul Ball, location: 2F
1-2: Strikes out looking
Batting: RHB Jonathan Robies 0-0: Swinging Strike
0-1: Ball
1-1: Foul Ball, location: 2F
1-2: Foul Ball, location: 2F
1-2: Ball
2-2: Foul Ball, location: 2F
2-2: Ball
3-2: Foul Ball, location: 2F
3-2: DOUBLE (Flyball, 89XD, EV 111.9 MPH)
Batting: RHB Colin Lord 0-0: Called Strike
0-1: Foul Ball, location: 2F
0-2: Fly out, F4 (Popup, 13, EV 78.8 MPH)
Top of the 8th over - 0 runs, 1 hit, 0 errors, 1 left on base; Louisville 3 - Lehigh Valley 4
BOTTOM OF THE 8TH
Lehigh Valley IronPigs batting - Pitching for Louisville Bats : RHP Chris Galo
Batting: LHB Josh George 0-0: Ball
1-0: Ball
2-0: Ball
3-0: Called Strike
3-1: Base on Balls
Batting: RHB Victor Arroyo 0-0: Ball
1-0: Ball
2-0: Ball
3-0: Called Strike
3-1: Base on Balls
Josh George to second
Batting: SHB Marco de Leon 0-0: Ball
1-0: Ball
2-0: Ball
3-0: Called Strike
3-1: Base on Balls
Josh George to third
Victor Arroyo to second
Batting: RHB Moritake Fukumoto 0-0: Called Strike
0-1: Called Strike
0-2: Ball
1-2: Ball
2-2: Fly out, F7 (Flyball, 78S, EV 85.6 MPH)
Batting: SHB Benjamin Brown 0-0: Ball
1-0: Foul Ball, location: 2F
1-1: Swinging Strike
1-2: Ball
2-2: Foul Ball, location: 2F
2-2: Fly out, F9 (Flyball, 89S, EV 87.5 MPH)
Batting: RHB Kyle Reilly 0-0: Ball
1-0: Foul Ball, location: 2F
1-1: Ground out 5-3 (Groundball, 56, EV 106.2 MPH)
Bottom of the 8th over - 0 runs, 0 hits, 0 errors, 3 left on base; Louisville 3 - Lehigh Valley 4
TOP OF THE 9TH
Louisville Bats batting - Pitching for Lehigh Valley IronPigs : RHP Dustin Greaves
Pitching: RHP Manny Cordova
Now at 1B: Marco de Leon
Now at 2B: Jake Cox
Batting: SHB Paul Sandoval 0-0: Called Strike
0-1: Foul Ball, location: 2F
0-2: Ball
1-2: Strikes out swinging
Batting: LHB Satoru Handa 0-0: Swinging Strike
0-1: Ball
1-1: Foul Ball, location: 2F
1-2: Strikes out swinging
Pinch Hitting: RHB Won-jun Park 0-0: Ball
1-0: Swinging Strike
1-1: Called Strike
1-2: Strikes out swinging
Top of the 9th over - 0 runs, 0 hits, 0 errors, 0 left on base; Louisville 3 - Lehigh Valley 4
Tuesday, March 28th , 2023 - OOTP Baseball 23.10 Build 110